Croesus, chaotic female elven Ranger # ----|- |.....## |<...| # -----------########## |....+#### |.........|# -.---- ----|- # |..[......| |..|.| ## ###|.........| |....| # # #..........| |....| ########%### -.-------.- |....| | ----|----------- ## # |....| |...- ####a@##|..............| # # #-<...| ---- #-..............| ### # ###------ |......{.......| # ### # |........d#....| ###### # ### ---------------- ----.-.--# |.......|# |....>..|# |........# --------- Croesus the Trailblazer Experience level: 7 Strength: 16 Dexterity: 12 Constitution: 16 Intelligence: 13 Wisdom: 18 Charisma: 8 Health: 0(58) Energy: 59(59) Def: 18 Gold: 82 Moves: 6338 Dungeon seed: yeQjiDMnx4FZiv5W Game ID: Croesus_1604488388 Your Inventory: Weapons d - an uncursed +1 elven dagger (alternate weapon; not wielded) e - an uncursed +1 elven bow (weapon in hand) z - 6 blessed +0 silver arrows B - an uncursed +0 short sword M - 53 uncursed +2 elven arrows N - 24 uncursed +0 elven arrows (in quiver) Armor b - an uncursed +2 elven cloak (being worn) n - an uncursed +0 pair of low boots q - an uncursed +0 pair of elven boots (being worn) r - an uncursed +0 small shield y - a blessed +2 studded leather armor C - an uncursed +0 dwarvish iron helm (being worn) D - an uncursed +0 dwarvish roundshield (being worn) E - an uncursed +0 dwarvish mithril-coat of clairvoyance (being worn) U - an uncursed +0 Hawaiian shirt (being worn) Comestibles f - an uncursed lembas wafer h - an uncursed clove of garlic F - 2 uncursed C-rations G - an uncursed K-ration H - 3 uncursed mangos O - 2 uncursed food rations T - 2 uncursed male lizard corpses Z - 3 uncursed tripe rations Potions A - an uncursed potion of sleeping Rings i - a cursed -1 ring of gain constitution Wands m - an uncursed wand of striking (0:7) L - an uncursed wand of teleportation (0:5) Tools g - an uncursed mirror k - an uncursed credit card l - an uncursed magic lamp s - an uncursed stethoscope u - an uncursed +0 unicorn horn w - an uncursed tin whistle x - an uncursed +0 pick-axe Coins $ - 82 gold pieces Spells and supernatural/magical abilities: Name Level Category Cost Memory m - magic missile 2 attack 2000pw 92% H - speed monster 3 escape 3000pw 100% U - detect unseen 3 divination 3000pw 92% W - pray for help -- divine ? -- Your skills at the end: Fighting Skills wands [Basic] Weapon Skills dagger [Skilled] bow [Skilled] Spellcasting Skills Final Attributes: You were piously aligned. You were immune to sleep. You saw invisible. You were telepathic. You had automatic searching. You were clairvoyant. You had infravision. You were stealthy. You were protected. Mars was noncommittal. You are dead. Vanquished creatures: 2 small mimics a gelatinous cube an elf mummy an ettin zombie a soldier a quivering blob 3 winter wolf cubs a giant spider a horse 2 lizards a jaguar a white unicorn a gray unicorn a raven a fire ant 10 Mordor orcs a rock piercer a rock mole a pony 5 yellow lights 2 violet fungi 4 gnome lords a gnomish wizard a guardian naga hatchling 2 baby crocodiles 3 giant ants 3 floating eyes a kitten 8 dwarves 5 rothes a rabid rat 3 iguanas 3 acid blobs 2 hobbits 2 large kobolds a hobgoblin 6 giant rats 5 cave spiders 3 yellow molds 2 green molds 2 red molds 17 gnomes 4 garter snakes a gnome zombie 5 geckos 17 jackals a fox 3 kobolds 4 goblins 6 sewer rats 8 grid bugs 3 lichens a kobold zombie 5 newts 172 creatures vanquished. Genocided species: kobold mummies gnome mummies orc mummies dwarf mummies elf mummies human mummies ettin mummies giant mummies 0 species genocided by you, 8 by monsters Voluntary challenges: You had been an atheist until turn 2166. You used a wielded weapon 93 times, starting on turn 449. You read items or engraved 19 times, starting on turn 998. You never genocided any monsters. You never polymorphed an object. You never changed form. You used no wishes. You never split a pudding. You never wrote Elbereth's name. You never violated your personal moral code. Dungeon overview: The Dungeons of Doom: levels 1 to 11 Level 1 a fountain a long staircase Level 2 Level 3 a general store Level 4 a vault stairs to The Gnomish Mines Level 5 an altar to Mars, a fountain Level 6 some fountains, a sink, a vault Level 7 Level 8 a general store, some fountains, a sink Level 9 many fountains Level 10 <- You were here a fountain, a sink stairs to Sokoban Level 11 The Gnomish Mines: levels 5 to 7 Level 5 stairs to The Dungeons of Doom Level 6 Level 7 a delicatessen, a temple to Venus Sokoban: Level 9 Solved stairs to The Dungeons of Doom History has recorded: On T:1 you entered the Dungeons of Doom to retrieve the Amulet of Yendor! On T:255 you reached level 2 of The Dungeons of Doom. On T:728 you reached level 3 of The Dungeons of Doom. On T:940 you reached level 4 of The Dungeons of Doom. On T:1632 you reached level 1 of The Gnomish Mines. On T:1851 you reached level 2 of The Gnomish Mines. On T:2102 you reached level 3 of The Gnomish Mines. On T:2815 you reached level 5 of The Dungeons of Doom. On T:3379 you reached level 6 of The Dungeons of Doom. On T:3730 you reached level 7 of The Dungeons of Doom. On T:3738 you reached level 9 of The Dungeons of Doom. On T:3822 you reached level 8 of The Dungeons of Doom. On T:4011 you advanced to experience level 2. On T:4296 you advanced to experience level 3. On T:4546 you advanced to experience level 4. On T:4656 you advanced to experience level 5. On T:4812 you let a Mordor orc genocide class 'M'. On T:4891 you advanced to experience level 6. On T:5264 you reached level 10 of The Dungeons of Doom. On T:5566 you reached level 11 of The Dungeons of Doom. On T:5613 you advanced to experience level 7. On T:5668 you reached level 4 of Sokoban. Score breakdown: Gold: 82 ( 6528 points) Experience: 7 levels (13645 points) Exploration: 11 levels ( 21.57%) (13416 points) Discoveries: 12 items ( 4.07%) ( 6050 points) Valuables value: (no points given unless you survive) Artifact value: 0 ( 0 points) Variety of kills: 54 monsters ( 14.21%) (11309 points) Turncount: 6338 turns (-1704 points) Survival: died (score multiplied by 80%) Total score: 39395 Latest messages: You shoot 2 elven arrows. The 1st elven arrow hits the soldier ant. The 2nd elven arrow hits the soldier ant! The soldier ant bites! The soldier ant stings! The elven arrow misses the soldier ant. The soldier ant bites! The soldier ant stings! The soldier ant bites! The soldier ant misses. You shoot 4 elven arrows. The 1st elven arrow misses the soldier ant. The 2nd elven arrow misses the soldier ant. The 3rd elven arrow hits the soldier ant! The 4th elven arrow misses the soldier ant. The soldier ant bites! The soldier ant stings! The soldier ant misses. The soldier ant stings! The soldier ant misses. The soldier ant stings! You die... Final status: Goodbye Croesus the Ranger, killed by a soldier ant... You died in The Dungeons of Doom on dungeon level 10 with 39395 points, and 82 pieces of gold, after 6338 moves. You were level 7 with a maximum of 58 hit points when you died.